details: 'ddd'

« prev index next »

General information

Mini Map

Players

team 1
Random» Undeadhoneyrod (orange | 100 APM | 2707 actions | 27:00)
Hero icon 5 Crypt Lord
Ability icon 3 Impale
Ability icon 2 Spiked Carapace
Hero icon 4 Death Knight
Ability icon 2 Death Coil
Ability icon 2 Unholy Aura
Hero icon 3 Dreadlord
Ability icon 2 Vampiric Aura
Ability icon 1 Carrion Swarm

» actions
Assign group hotkey64
Basic commands199
Build / train77
ESC pressed1
Enter build submenu25
Enter hero's abilities submenu12
Give item / drop item3
Remove unit from queue2
Right click658
Select / deselect387
Select group hotkey1117
Use ability162
2707 total
» units
Acolyte9
Ghoul8
Obsidian Statue2
Abomination8
Frost Wyrm1
28 total
» upgrades
Unholy Armor3
Unholy Strength3
Ghoul Frenzy1
Disease Cloud1
Web1
Creature Attack1
Creature Carapace1
11 total
» buildings
Crypt1
Altar of Darkness1
Ziggurat11
Tomb of Relics1
Graveyard1
Nerubian Tower1
Halls of the Dead2
Black Citadel1
Slaughterhouse2
Necropolis2
Sacrificial Pit1
Boneyard2
26 total
» build order
00:21 Crypt
00:23 Altar of Darkness
00:36 Ziggurat
00:59 Tomb of Relics
01:14 Ziggurat
02:20 Graveyard
02:44 Nerubian Tower
04:27 Halls of the Dead
05:09 Ziggurat
05:14 Ziggurat
05:16 Ziggurat
06:52 Black Citadel
06:59 Slaughterhouse
07:14 Slaughterhouse
11:54 Ziggurat
11:57 Ziggurat
13:01 Ziggurat
18:13 Necropolis
21:05 Sacrificial Pit
23:20 Ziggurat
23:21 Ziggurat
23:55 Boneyard
24:01 Boneyard
25:26 Halls of the Dead
26:33 Necropolis
26:39 Ziggurat
» items
Rod of Necromancy3
Sacrificial Skull1
Scroll of Town Portal5
Boots of Speed1
Potion of Lesser Invulnerability1
Orb of Corruption2
Potion of Healing1
Scroll of Healing1
15 total
Random» UndeadHonig (teal | 108 APM | 2929 actions | 27:00)
Hero icon 6 Lich
Ability icon 3 Frost Nova
Ability icon 2 Dark Ritual
Ability icon 1 Death and Decay
Hero icon 4 Death Knight
Ability icon 2 Death Coil
Ability icon 2 Unholy Aura

» actions
Assign group hotkey24
Basic commands7
Build / train62
ESC pressed3
Enter build submenu27
Enter hero's abilities submenu10
Give item / drop item1
Remove unit from queue1
Right click1338
Select / deselect924
Select group hotkey446
Use ability86
2929 total
» units
Acolyte10
Ghoul9
Crypt Fiend8
Obsidian Statue2
Frost Wyrm5
34 total
» upgrades
Creature Attack2
Destroyer Form1
Creature Carapace2
Web1
6 total
» buildings
Altar of Darkness1
Crypt1
Ziggurat7
Tomb of Relics1
Nerubian Tower1
Graveyard1
Halls of the Dead1
Slaughterhouse1
Black Citadel1
Sacrificial Pit1
Boneyard1
Spirit Tower1
18 total
» build order
00:10 Altar of Darkness
00:17 Crypt
00:25 Ziggurat
01:01 Tomb of Relics
01:25 Ziggurat
01:59 Nerubian Tower
03:05 Graveyard
04:37 Halls of the Dead
05:05 Ziggurat
08:13 Slaughterhouse
08:58 Ziggurat
09:44 Black Citadel
10:47 Sacrificial Pit
12:13 Boneyard
12:45 Ziggurat
15:50 Ziggurat
19:45 Ziggurat
22:31 Spirit Tower
» items
Rod of Necromancy1
Scroll of Town Portal3
4 total
team 2
NightElfaMurchadha (green | 88 APM | 2377 actions | 27:01)
Hero icon 5 Keeper of the Grove
Ability icon 3 Entangling Roots
Ability icon 2 Thorns Aura

» actions
Assign group hotkey30
Basic commands181
Build / train79
ESC pressed1
Enter build submenu17
Enter hero's abilities submenu6
Give item / drop item2
Remove unit from queue6
Right click764
Select / deselect445
Select group hotkey745
Use ability101
2377 total
» units
Wisp21
Archer5
Dryad12
Druid of the Claw7
45 total
» upgrades
Strength of the Wild3
Reinforced Hides3
Abolish Magic1
Druid of the Claw Training2
Mark of the Claw1
Well Spring1
11 total
» buildings
Altar of Elders1
Moon Well8
Ancient of War1
Hunter's Hall1
Tree of Ages1
Tree of Eternity1
Ancient of Lore2
Ancient of Wonders1
Tree of Life2
18 total
» build order
00:06 Altar of Elders
00:24 Moon Well
00:54 Ancient of War
01:36 Moon Well
02:12 Moon Well
02:47 Hunter's Hall
02:58 Moon Well
03:48 Tree of Ages
06:00 Moon Well
06:01 Moon Well
06:02 Moon Well
06:35 Tree of Eternity
06:38 Ancient of Lore
06:41 Ancient of Lore
10:30 Ancient of Wonders
12:37 Tree of Life
19:44 Tree of Life
24:10 Moon Well
» items
Scroll of Town Portal3
Orb of Venom1
Potion of Healing1
Staff of Preservation1
6 total
Humanatlantagrape (blue | 81 APM | 2133 actions | 26:24)
Hero icon 5 Archmage
Ability icon 3 Summon Water Elemental
Ability icon 2 Brilliance Aura
Hero icon 3 Mountain King
Ability icon 2 Storm Bolt
Ability icon 1 Bash

» actions
Assign group hotkey15
Basic commands318
Build / train74
ESC pressed5
Enter build submenu21
Enter hero's abilities submenu9
Give item / drop item1
Remove unit from queue1
Right click840
Select / deselect475
Select group hotkey286
Use ability88
2133 total
» units
Peasant39
Footman10
Gryphon Rider2
51 total
» upgrades
Masonry1
Lumber Harvesting1
Storm Hammers1
3 total
» buildings
Altar of Kings1
Barracks1
Farm5
Town Hall1
Lumber Mill1
Keep1
Arcane Vault1
Castle1
Scout Tower2
Guard Tower1
Gryphon Aviary2
Blacksmith1
18 total
» build order
00:06 Altar of Kings
00:12 Barracks
00:18 Farm
00:40 Farm
02:47 Farm
05:11 Town Hall
05:22 Lumber Mill
07:31 Keep
07:41 Farm
10:09 Arcane Vault
12:03 Castle
12:12 Farm
12:34 Scout Tower
12:35 Scout Tower
13:06 Guard Tower
13:27 Gryphon Aviary
13:29 Gryphon Aviary
13:42 Blacksmith
» items
Scroll of Town Portal4
Scroll of Regeneration1
Potion of Lesser Invulnerability1
6 total